[Event "*** Titled Tuesday Blitz"]
[Site "Chess.com"]
[Date "2021.02.16"]
[Round "1"]
[White "mbojan"]
[Black "Coiote53"]
[Result "1-0"]
[WhiteElo "2621"]
[BlackElo "2322"]
[TimeControl "180+1"]
[EndTime "10:07:28 PST"]
[Termination "mbojan won by resignation"]

1. d4 Nf6 2. g3 g6 3. Bg2 d5 4. Nf3 Bg7 5. O-O O-O 6. c4 c6 7. cxd5 cxd5 8. Nc3 Ne4 9. Nxe4 dxe4 10.
Ne5 Nd7 11. Bxe4 Nxe5 12. dxe5 Bxe5 13. Bh6 Bg7 14. Bxg7 Kxg7 15. Qb3 Qb6 16. Qc3+ Kg8 17. Qa3 Bh3 18. Rfd1 Rfe8 19. Rac1 Rad8 20. Rxd8 Rxd8 21. Qxe7 Qd4 22. Bd3 Rd7 23. Rc8+ Kg7 24. Qf8+ Kf6 25. Qh8+ Kg5 26. Qxh7 Bf5 27. Bxf5 Kxf5 28. Qh3+ Kf6 29. Qh8+ Kf5 30. Qxd4 Rxd4 31. Rc7 Rb4 32. b3 f6 33. f3 Ke5 34. Kf2 f5 35. Ke3 Rb6 36. Rc5+ Kf6 37. Rc4 Re6+ 38. Kd3 b5 39. Rc5 Rd6+ 40. Ke3 Re6+ 41.
Kf2 a6 42. a4 bxa4 43. bxa4 Rb6 44. Ra5 g5 45. h3 f4 46. g4 Kg6 47. h4 gxh4 48. Rh5 Rb4 49. a5 Ra4 50. Rxh4 Rxa5 51.
Rh8 Ra2 52. Rg8+ Kf6 53. Rf8+ Ke5 54. Rf5+ Ke6 55. Rxf4 a5 56. g5 a4 57. g6 1-0

[Event "*** Titled Tuesday Blitz"]
[Site "Chess.com"]
[Date "2021.02.16"]
[Round "1"]
[White "picturesquecheck"]
[Black "vladimirdamjanovic"]
[Result "1-0"]
[WhiteElo "2250"]
[BlackElo "2535"]
[TimeControl "180+1"]
[EndTime "10:07:28 PST"]
[Termination "picturesquecheck won by checkmate"]

1. d4 Nc6 2. c4 e5 3. dxe5 Nxe5 4. Nf3 Nxf3+ 5. exf3 Nf6 6. Bd3 Bb4+ 7. Bd2 Bxd2+ 8.
Nxd2 Qe7+ 9. Qe2 Qxe2+ 10. Kxe2 d6 11. Rhe1 O-O 12. Kf1 a5 13. Ne4 Nd7 14. f4 h6 15.
g3 b6 16. b3 Bb7 17. Rad1 Rfe8 18. f3 g6 19. Kf2 Kg7 20. Bb1 f5 21. Nc3 Bc6 22. a3 Kf6 23. b4 axb4 24. axb4 g5 25. fxg5+ hxg5 26. g4 fxg4 27. fxg4 Ne5 28. Rd4 Ra1 29.
Kg3 Ra3 30. Re3 Ng6 31. Nd5+ Bxd5 32. Rxa3 Bc6 33. Bxg6 Kxg6 34. b5 Bd7 35. h4 gxh4+ 36. Kxh4 Re5 37. Ra7 Rc5 38. Rxd6+ cxd6 39. Rxd7 Rxc4 40.
Rxd6+ Kg7 41. Rxb6 Rb4 42. Kg5 Rb1 43. Rb7+ Kg8 44.
Kg6 Kf8 45. g5 Rg1 46. b6 Rb1 47. Rb8+ Ke7 48. b7 Rb5 49. Rg8 Rb6+ 50. Kh5 Rb1 51.
b8=Q Rh1+ 52. Kg6 Ke6 53. Re8+ Kd5 54. Qb5+ Kd4 55. Rd8+ Ke3 56. Qd3+ Kf2 57. Rf8+ Kg2 58. Qe2+ Kh3 59. Rf3+ Kh4 60. Qe4# 1-0

[Event "*** Titled Tuesday Blitz"]
[Site "Chess.com"]
[Date "2021.02.16"]
[Round "1"]
[White "IAgrest"]
[Black "gross-aleks"]
[Result "0-1"]
[WhiteElo "2248"]
[BlackElo "2566"]
[TimeControl "180+1"]
[EndTime "10:07:29 PST"]
[Termination "gross-aleks won by resignation"]

1. e4 e5 2. Nf3 Nc6 3. Bb5 Nf6 4. d3 d6 5. c3 Bd7 6. O-O Be7 7. Nbd2 O-O 8. Re1 Nh5 9. Nf1 Nf4 10. d4 a6 11.
Bxc6 Bxc6 12. dxe5 dxe5 13. Qxd8 Rfxd8 14. Nxe5 Nd3 15.
Nxd3 Rxd3 16. Ng3 Rad8 17. Be3 a5 18. Bd4 Rd2 19. Rab1 Ba4 20. b3 Be8 21. a4 g6 22.
Nf1 Rd3 23. Re3 Rxe3 24. Bxe3 Rd3 25. c4 f5 26. exf5 gxf5 27. Bf4 c6 28. Ne3 Bg6 29. Kf1 Rd4 30. Be5 Re4 31. Bc7 f4 32. Nc2 Re6 33. Rc1 Bd3+ 34. Kg1 Bxc2 35. Bxa5 Bxb3 36. c5 Bxa4 37.
f3 Bb5 38. g3 Re3 39. Kf2 Re2+ 40. Kg1 fxg3 41. hxg3 Bf6 42. Bc3 Bg5 43. Rd1 Rc2 44. Bd4 Be2 45. Re1 Bxf3 46. Re8+ Kf7 47. Rb8 Ke6 48. Rxb7 Kd5 49. Rd7+ Kc4 0-1

[Event "*** Titled Tuesday Blitz"]
[Site "Chess.com"]
[Date "2021.02.16"]
[Round "1"]
[White "chessdjw"]
[Black "Julianos82"]
[Result "1-0"]
[WhiteElo "2705"]
[BlackElo "2377"]
[TimeControl "180+1"]
[EndTime "10:07:30 PST"]
[Termination "chessdjw won by checkmate"]

1. e4 c5 2. Nf3 b6 3. d4 cxd4 4. Nxd4 Bb7 5. Nc3 a6 6. Bd3 g6 7. Be3 Bg7 8. Qd2 d6 9. f3 Nd7 10. O-O-O Ngf6 11. Kb1 Qc7 12. g4 Ne5 13. Bh6 Bxh6 14.
Qxh6 O-O-O 15. h4 Kb8 16. Qe3 b5 17. g5 Nh5 18. a3 e6 19. f4 Nc4 20. Bxc4 Qxc4 21.
Rhf1 Rd7 22. Rf2 Rc8 23. Nb3 Qc7 24. Rfd2 Rcd8 25. Ne2 a5 26. Nbd4 Ba6 27. b4 axb4 28.
axb4 Qb6 29. c3 Bb7 30. e5 Bd5 31. Kb2 Kb7 32. Ra1 dxe5 33. fxe5 Ng7 34. Ra5 Bc6 35. Rd1 Nf5 36. Qf4 Rd5 37. Rda1 R8d7 38. Ra7+ Kc8 39. R7a6 Nxd4 40. Rxb6 Nxe2 41. Rxc6+ Kb7 42. Qe3 Kxc6 43.
Ra6+ Kc7 44. Qb6+ Kc8 45. Ra8# 1-0

[Event "*** Titled Tuesday Blitz"]
[Site "Chess.com"]
[Date "2021.02.16"]
[Round "1"]
[White "dpopadic"]
[Black "Nikolakis2014"]
[Result "0-1"]
[WhiteElo "2343"]
[BlackElo "2643"]
[TimeControl "180+1"]
[EndTime "10:07:30 PST"]
[Termination "Nikolakis2014 won by resignation"]

1. e4 c5 2. Nc3 Nc6 3. f4 d6 4.
Nf3 g6 5. Bc4 e6 6. f5 Bg7 7. d3 Nge7 8. fxe6 Bxe6 9. O-O Qd7 10.
Bxe6 fxe6 11. Ng5 Ne5 12. Bf4 N7c6 13. Qd2 O-O-O 14. h3 Rdf8 15. Nf3 Nxf3+ 16. Rxf3 g5 17. Bg3 Rxf3 18. gxf3 Nd4 19. Rf1 Rf8 20. Kg2 Be5 21.
Bxe5 dxe5 22. Ne2 Qf7 23. Nxd4 exd4 24. Kh2 h6 25. Kg2 Kb8 26. c3 e5 27. cxd4 exd4 28. b4 c4 29. dxc4 Qxc4 30. Rc1 Qf7 31. Qd3 Rd8 32. Rc4 Qf6 33. Rc5 a6 34. a4 Qf4 35.
Rc4 Qf6 36. Rc5 h5 37. Rd5 Rxd5 38. exd5 Qe5 39. Qe4 Qxe4 40. fxe4 g4 41. hxg4 hxg4 42. e5 d3 43. e6 Kc7 44. e7 Kd7 45. Kf2 d2 46. Ke2 g3 47. Kxd2 g2 48. Ke3 g1=Q+ 49.
Ke4 Qg5 0-1

[Event "*** Titled Tuesday Blitz"]
[Site "Chess.com"]
[Date "2021.02.16"]
[Round "1"]
[White "AntonovaNadezhda"]
[Black "stolencandy13"]
[Result "0-1"]
[WhiteElo "2150"]
[BlackElo "2513"]
[TimeControl "180+1"]
[EndTime "10:07:30 PST"]
[Termination "stolencandy13 won by checkmate"]

1. d4 Nf6 2. Nf3 e6 3. Nbd2 c5 4. e3 d5 5. c3 Nc6 6. Bd3 Be7 7. O-O O-O 8. dxc5 Bxc5 9. e4 b6 10. exd5 Qxd5 11. Qe2 Bb7 12. Ne4 Be7 13. Rd1 Nxe4 14. Bxe4 Qh5 15. Rd7 f5 16. Bxc6 Bxc6 17. Rxe7 Rf6 18.
Nd4 Qxe2 19. Nxe2 Rd8 20. Be3 h6 21. Nd4 Bd5 22. Rxa7 e5 23. Nb3 Rg6 24. g3 Bf3 25.
Ra6 Rgd6 26. Bd2 g5 27. Kf1 Kg7 28. Ke1 f4 29. Rc1 Kf6 30. c4 Rd3 31. Rxb6+ Kf5 32. Rb5 Bc6 33. Rc5 Bf3 34. Rc7 Kg4 35. gxf4 gxf4 36.
Re7 Kf5 37. c5 Rg8 38. Kf1 Rg2 39. c6 Rxh2 40. Kg1 Rh1# 0-1

[Event "*** Titled Tuesday Blitz"]
[Site "Chess.com"]
[Date "2021.02.16"]
[Round "1"]
[White "ajedrez1101"]
[Black "Ave_Mariia"]
[Result "0-1"]
[WhiteElo "2098"]
[BlackElo "2498"]
[TimeControl "180+1"]
[EndTime "10:07:30 PST"]
[Termination "Ave_Mariia won by resignation"]

1. d4 Nf6 2. Bf4 e6 3. e3 c5 4.
Nf3 d5 5. Nbd2 Nc6 6. c3 Bd6 7.
Bg3 O-O 8. Bd3 b6 9. Qe2 Bb7 10. Rd1 Qc7 11. e4 dxe4 12. Nxe4 Nxe4 13. Bxe4 cxd4 14.
Bxd6 Qxd6 15. Nxd4 Qc7 16. O-O Nxd4 17. Rxd4 Rad8 18.
Rfd1 Rxd4 19. Rxd4 h6 20. Bxb7 Qxb7 21. Qd2 Qa6 22.
a3 Qb5 23. h3 a5 24. a4 Qb3 25. Rd7 Qxa4 26. Rb7 Qb3 27. Qd4 Qxb2 28. Rxb6 Qc1+ 29. Kh2 Ra8 30. Rd6 Qa3 31. c4 Qb4 32. Rb6 Qe7 33.
c5 a4 34. Qd6 Qxd6+ 35. cxd6 Kf8 36. Rb7 a3 37. d7 Ke7 38. d8=Q+ Kxd8 39. Rb1 a2 40.
Ra1 Kc7 41. Kg3 Kc6 42. Kf3 Kc5 43. Ke3 Kc4 44. Kd2 Kb3 45. Kc1 Rc8+ 46. Kd2 Kb2 0-1

[Event "*** Titled Tuesday Blitz"]
[Site "Chess.com"]
[Date "2021.02.16"]
[Round "1"]
[White "pavelalexandru07"]
[Black "Zubrrr"]
[Result "0-1"]
[WhiteElo "2326"]
[BlackElo "2628"]
[TimeControl "180+1"]
[EndTime "10:07:31 PST"]
[Termination "Zubrrr won by resignation"]

1. e4 e5 2. Nf3 f5 3. exf5 e4 4. Qe2 Qe7 5. Ng1 Nf6 6. d3 d5 7.
Nc3 Bxf5 8. dxe4 Bxe4 9. Nxe4 Nxe4 10. f3 Nf6 11. Qxe7+ Bxe7 12. Bd3 Nbd7 13. c3 O-O 14. Ne2 Rae8 15. Ng3 Bc5+ 16. Kd1 Ne5 17. Be2 Ng6 18. b4 Bb6 19. a4 Nh4 20. a5 Be3 21. Bxe3 Rxe3 22. Kd2 Rfe8 23. Rhg1 c6 24. Bd3 R3e7 25.
Kc2 g6 26. Kd2 a6 27. Kc2 Kf7 28.
Kd2 Re5 29. Ne2 Rg5 30. Nf4 Nh5 31. Nxh5 gxh5 32. Bf1 Nxf3+ 33. gxf3 Rxg1 34. c4 Kf6 35. cxd5 cxd5 36. Rc1 Re7 37. b5 axb5 38. a6 bxa6 39. Rc6+ Re6 40. Rxe6+ Kxe6 41. Bh3+ 0-1

[Event "*** Titled Tuesday Blitz"]
[Site "Chess.com"]
[Date "2021.02.16"]
[Round "1"]
[White "LenkaPtacnikova"]
[Black "DrCeltic"]
[Result "0-1"]
[WhiteElo "2114"]
[BlackElo "2503"]
[TimeControl "180+1"]
[EndTime "10:07:32 PST"]
[Termination "DrCeltic won by resignation"]

1. e4 c5 2. Nf3 e6 3. d4 cxd4 4.
Nxd4 Nf6 5. Bd3 Nc6 6. Nxc6 bxc6 7. c4 Bb4+ 8. Bd2 a5 9. O-O Qc7 10. Re1 Bd6 11. h3 O-O 12. Bc3 e5 13. Nd2 Be7 14.
Rc1 d6 15. c5 dxc5 16. Bc4 Ba6 17. Bxa6 Rxa6 18. Nc4 Nd7 19. Qa4 Bg5 20. Rcd1 Bf6 21. Rd3 Nb6 22. Nxb6 Qxb6 23. Red1 h6 24. Rd7 Qb5 25.
Qc2 a4 26. a3 Qc4 27. R1d6 Rb6 28. Qd1 Qxe4 29. Qh5 Qf4 30. g3 Qc1+ 31. Kg2 Qc2 32. Qg4 Kh7 33. Rd2 Qb1 34. Qxa4 Qf5 35. Qc4 Bg5 36. R2d6 Rbb8 37. Rxc6 Qxd7 38. Rxc5 Rbc8 39.
Qf4 exf4 0-1

[Event "*** Titled Tuesday Blitz"]
[Site "Chess.com"]
[Date "2021.02.16"]
[Round "1"]
[White "kayrakamer"]
[Black "TeukkaSalama"]
[Result "1-0"]
[WhiteElo "2707"]
[BlackElo "2380"]
[TimeControl "180+1"]
[EndTime "10:07:33 PST"]
[Termination "kayrakamer won by checkmate"]

1. e4 c5 2. Nf3 Nc6 3. Bb5 Qc7 4. O-O e6 5. c3 Nge7 6. d4 cxd4 7. cxd4 d5 8. Nc3 a6 9. Bd3 Bd7 10.
exd5 exd5 11. Re1 Qd6 12. Bg5 h6 13. Bh4 Be6 14. Na4 Rd8 15. Bg3 Qb4 16. a3 Qa5 17. b4 Nxb4 18. axb4 Qxb4 19. Bc7 Rc8 20. Rb1 Qa3 21. Rxb7 Nc6 22. Rxe6+ fxe6 23. Bg6+ Ke7 24. Be5+ Kd8 25. Nb6 Nxe5 26. Nxe5 Rc7 27. Rb8+ Ke7 28. Re8+ Kf6 29. Nbd7+ Rxd7 30. Nxd7+ Kxg6 31. Qg4+ Kh7 32.
g3 Bd6 33. Rxe6 Rc8 34. Qg6+ Kh8 35. Nf6 gxf6 36. Qxh6+ Kg8 37. Qg6+ Kh8 38. Qxf6+ Kg8 39. Qg6+ Kh8 40. Qh5+ Kg7 41. Rg6+ Kf8 42. Qf5+ Ke7 43. Rg7+ Kd8 44. Qd7# 1-0

[Event "*** Titled Tuesday Blitz"]
[Site "Chess.com"]
[Date "2021.02.16"]
[Round "1"]
[White "Gahan-MG"]
[Black "ClydeHillKid"]
[Result "0-1"]
[WhiteElo "2634"]
[BlackElo "2360"]
[TimeControl "180+1"]
[EndTime "10:07:33 PST"]
[Termination "ClydeHillKid won by resignation"]

1. e4 e6 2. b3 d5 3. Bb2 Nf6 4. e5 Nfd7 5. c4 c5 6. cxd5 exd5 7. f4 Nc6 8. Nf3 d4 9. Bc4 Be7 10. O-O O-O 11. d3 Nb6 12. Nbd2 Nxc4 13. dxc4 Bf5 14. Qe2 Qd7 15. Rad1 h6 16. Ne4 Qe6 17. Ng3 g6 18. Nxf5 Qxf5 19. Qd3 Qxf4 20. Nxd4 Nxe5 21. Qe2 Qg5 22. Bc1 Qh5 23. Qxh5 gxh5 24. Nf5 Bg5 25.
Nxh6+ Bxh6 26. Bxh6 Rfd8 27. Bg5 Rxd1 28. Rxd1 Kg7 29.
Rd5 Re8 30. h3 b6 31. Kf2 f6 32. Bf4 Re7 33. Bxe5 fxe5 34. Ke3 Kf6 35. Rd6+ Kf5 36. Rh6 Kg5 37. Rh8 e4 38. g3 Kg6 39. h4 Re5 40. Rg8+ Kf6 41. Rf8+ Kg6 42. Rf4 a6 43. Rxe4 Kf5 44. Rxe5+ Kxe5 45. a3 Kf5 46. Kf3 b5 47. cxb5 axb5 48. a4 c4 49. a5 cxb3 50. a6 b2 51. a7 b1=Q 52. a8=Q Qh1+ 0-1

[Event "*** Titled Tuesday Blitz"]
[Site "Chess.com"]
[Date "2021.02.16"]
[Round "1"]
[White "Trickster_Pony"]
[Black "Zmeeed63"]
[Result "0-1"]
[WhiteElo "1505"]
[BlackElo "2472"]
[TimeControl "180+1"]
[EndTime "10:07:33 PST"]
[Termination "Zmeeed63 won on time"]

1. c4 e6 2. g3 d5 3. Bg2 Nf6 4. Nf3 Be7 5. O-O O-O 6. b3 c6 7. Bb2 Nbd7 8. d3 b6 9. Nbd2 Bb7 10. a3 Rc8 11. e4 Nc5 12. Qc2 a5 13. b4 axb4 14. axb4 Na6 15. Qb3 Nxb4 16. Ra7 Qd7 17.
Ba3 c5 18. exd5 exd5 19. Bxb4 cxb4 20. cxd5 Rc3 21. Qa2 Ra3 22. Rxa3 bxa3 23. Ne5 Qc7 24. Nc6 Bd6 25. Nc4 Ra8 26. Re1 b5 27. Nxd6 Qxd6 28.
Rb1 Qc5 29. d4 Qc4 30. Qa1 a2 31. Rc1 Qb3 32. d6 Nd7 33. Ne7+ Kf8 34. Bxb7 Rb8 35.
Bg2 Qa3 36. Re1 b4 37. Nc6 Rc8 38. Ne5 Nxe5 39. dxe5 b3 0-1

[Event "*** Titled Tuesday Blitz"]
[Site "Chess.com"]
[Date "2021.02.16"]
[Round "1"]
[White "szefru"]
[Black "davidkalashian"]
[Result "0-1"]
[WhiteElo "2260"]
[BlackElo "2573"]
[TimeControl "180+1"]
[EndTime "10:07:34 PST"]
[Termination "davidkalashian won by resignation"]

1. Nf3 Nf6 2. d4 e6 3. g3 d5 4. Bg2 Be7 5. b3 O-O 6. Bb2 c5 7. Nbd2 Nc6 8. e3 b6 9. a4 Ba6 10.
Bf1 Bxf1 11. Kxf1 Rc8 12. Kg2 cxd4 13. Nxd4 Nxd4 14. Bxd4 Qc7 15. Rc1 Ba3 16. Ra1 Bb4 17. Rc1 Bc3 18. Bxf6 Bxf6 19. c4 dxc4 20. Rxc4 Qb7+ 21.
Qf3 Qd7 22. Rxc8 Rxc8 23. Ne4 Be7 24. Rd1 Qc6 25. h4 h6 26. Kh3 Kf8 27. Rd4 Ke8 28.
Rc4 Qd7 29. Rxc8+ Qxc8 30. Qh5 Qc2 31. Qb5+ Kf8 32. Qc4 Qxc4 33. bxc4 Bb4 34. Kg4 f5+ 35. Kf3 fxe4+ 36. Kxe4 Ke7 37. f4 h5 38. f5 Be1 39.
Kf4 exf5 40. Kxf5 Bxg3 41. Kg5 g6 42. Kxg6 Bxh4 43. Kxh5 Bf2 44. Kg4 Ke6 45. Kf3 Be1 46.
Ke2 Bb4 47. Kd3 Ke5 48. Kc2 Ke4 49. Kb3 Bc5 50. a5 Kxe3 51. Ka4 Kd4 52. Kb5 bxa5 53. Kxa5 Kxc4 54. Ka6 Kb4 55. Kb7 a5 56. Kc6 a4 0-1

[Event "*** Titled Tuesday Blitz"]
[Site "Chess.com"]
[Date "2021.02.16"]
[Round "1"]
[White "Natalya_Buksa"]
[Black "MasterMK73"]
[Result "0-1"]
[WhiteElo "2538"]
[BlackElo "2254"]
[TimeControl "180+1"]
[EndTime "10:07:34 PST"]
[Termination "MasterMK73 won by resignation"]

1. d4 d5 2. Nc3 e6 3. Bf4 Nf6 4. e3 Bd6 5. Bd3 c5 6. dxc5 Bxc5 7. Nf3 Nc6 8. O-O Bd6 9. Bxd6 Qxd6 10. Re1 O-O 11.
e4 dxe4 12. Nxe4 Nxe4 13. Bxe4 Qe7 14. Bxc6 bxc6 15. Qd3 Rb8 16. Qc3 c5 17. Re5 Bb7 18.
Rae1 Bxf3 19. gxf3 Rfc8 20. R5e4 Qg5+ 21. Rg4 Qh6 22.
Kh1 Kh8 23. Reg1 Rg8 24. b3 Rbc8 25. R1g3 f6 26. Kg2 e5 27. f4 f5 28. Rh3 Qc6+ 29.
Kg1 fxg4 30. Rh5 exf4 31. Qd3 h6 32. Rd5 Qf6 33. c3 Rcd8 34. c4 f3 35. h3 Rxd5 36.
cxd5 gxh3 37. Kh2 Qf4+ 38. Kxh3 Rf8 39. Qb5 Rf5 40. Qe8+ Kh7 41. d6 Rg5 42. Qe6 Qf5+ 43. Qxf5+ Rxf5 44. Kg4 Rd5 45. Kxf3 Rxd6 46. Ke4 h5 47. Ke5 Rd8 48. Kf4 Kh6 49. Kg3 g5 50.
f4 gxf4+ 51. Kxf4 Rg8 52. Kf3 h4 0-1

[Event "*** Titled Tuesday Blitz"]
[Site "Chess.com"]
[Date "2021.02.16"]
[Round "1"]
[White "TimKett"]
[Black "IMAghasiyevKamal"]
[Result "1/2-1/2"]
[WhiteElo "2208"]
[BlackElo "2523"]
[TimeControl "180+1"]
[EndTime "10:07:34 PST"]
[Termination "Game drawn by repetition"]

1. e4 e5 2. f4 d5 3. exd5 exf4 4.
Nf3 Nf6 5. Nc3 Nxd5 6. Nxd5 Qxd5 7. d4 Bd6 8. c4 Bb4+ 9. Kf2 Qa5 10. Bxf4 O-O 11. c5 Bg4 12. a3 Bxc5 13. dxc5 Qxc5+ 14. Be3 Qh5 15. Be2 Nc6 16. h3 Be6 17. Qa4 Rfe8 18. Rhe1 Bd5 19. Rad1 a6 20. Qg4 Qxg4 21.
hxg4 Rad8 22. Bf4 Be6 23. Bxc7 Rc8 24. Bg3 Bxg4 25. Nd4 Nxd4 26. Bxg4 Rc2+ 27. Kf1 Ne6 28. Bxe6 fxe6 29. Rd7 Rf8+ 30. Kg1 Rf7 31. Rd8+ Rf8 32. Rxf8+ Kxf8 33. Rxe6 Rxb2 34. Kh2 Kf7 35. Re3 h5 36.
Be5 Rc2 37. Rg3 g6 38. Rf3+ Ke6 39. Bd4 Rc4 40. Bb2 Rg4 41. Rf6+ Kd7 42. Rb6 Kc7 43. Rf6 Kd7 44. Rb6 Kc7 45. Rf6 Kd7 1/2-1/2

[Event "*** Titled Tuesday Blitz"]
[Site "Chess.com"]
[Date "2021.02.16"]
[Round "1"]
[White "Piotrek1979"]
[Black "Alexander_Moskalenko"]
[Result "1/2-1/2"]
[WhiteElo "2416"]
[BlackElo "2765"]
[TimeControl "180+1"]
[EndTime "10:07:35 PST"]
[Termination "Game drawn - insufficient material"]

1. e4 e5 2. Nf3 Nc6 3. Bb5 a6 4. Ba4 Nf6 5. d3 b5 6. Bb3 Be7 7. a4 b4 8. a5 d6 9. h3 O-O 10. Be3 Be6 11. Nbd2 Bxb3 12. Nxb3 d5 13. Nfd2 d4 14. Bg5 Ne8 15. Bxe7 Qxe7 16. Nc4 g6 17. O-O Ng7 18. f4 exf4 19. Rxf4 f5 20. exf5 Nxf5 21.
Qf3 Ne5 22. Qd5+ Nf7 23. Re4 Qf6 24. Rae1 Rad8 25. Qe6 Qg5 26. Ne5 Nd6 27. Rg4 Qf5 28.
Qxf5 Nxf5 29. Nc6 Rde8 30. Rge4 Rxe4 31. Rxe4 N7d6 32. Re6 Nb5 33. Nxb4 Ne3 34. c4 dxc3 35.
bxc3 Rf1+ 36. Kh2 Nf5 37. c4 Nc3 38. Nc5 h5 39. h4 Ne2 40. Rxg6+ Kh7 41. Rg5 Neg3 42.
Rxg3 Nxg3 43. Kxg3 Ra1 44. Nbxa6 Rxa5 45. d4 c6 46. Kf4 Ra2 47. g3 Kg6 48. g4 hxg4 49.
Kxg4 Rc2 50. Kf4 Rxc4 51. Ke5 Kh5 52. Nb8 Kxh4 53. Nxc6 Rxd4 54. Kxd4 1/2-1/2

[Event "*** Titled Tuesday Blitz"]
[Site "Chess.com"]
[Date "2021.02.16"]
[Round "1"]
[White "kingofthenil"]
[Black "Chamal_Gedgafov"]
[Result "1-0"]
[WhiteElo "2671"]
[BlackElo "2361"]
[TimeControl "180+1"]
[EndTime "10:07:35 PST"]
[Termination "kingofthenil won on time"]

1. e4 e6 2. c4 d5 3. cxd5 exd5 4. exd5 Nf6 5. Nc3 Nbd7 6. d4 Bd6 7. Nf3 O-O 8. Be2 h6 9. O-O Nb6 10. Ne5 Nbxd5 11.
Bf3 c6 12. Re1 Be6 13. a3 Nxc3 14. bxc3 Bd5 15. Rb1 Qc7 16. Bxd5 Nxd5 17. Qf3 f6 18. Nc4 Bxh2+ 19. Kh1 Bf4 20. Bxf4 Nxf4 21. Ne3 Rfe8 22. Nf5 Kh7 23. Qg3 g6 24. Nh4 Rxe1+ 25. Rxe1 Rg8 26. Re4 g5 27. Nf5 Rg7 28. Nxg7 Kxg7 29. Qe3 Kf7 30. g3 Nd5 31. Qf3 Qd7 32. Qh5+ Kg7 33. Qf3 Kg6 34. Kg2 b6 35. c4 Nc7 36. Qd3 Kg7 37. Qe3 Kf7 38.
Qf3 1-0

[Event "*** Titled Tuesday Blitz"]
[Site "Chess.com"]
[Date "2021.02.16"]
[Round "1"]
[White "Spriteball"]
[Black "kikydu96"]
[Result "0-1"]
[WhiteElo "2323"]
[BlackElo "2625"]
[TimeControl "180+1"]
[EndTime "10:07:35 PST"]
[Termination "kikydu96 won by resignation"]

1. e4 c5 2. Nf3 d6 3. d4 cxd4 4. Nxd4 Nf6 5. Nc3 Nc6 6. Bg5 e6 7. Be2 Be7 8. O-O Nxe4 9. Bxe7 Nxc3 10. Bxd8 Nxd1 11. Nxc6 Nxb2 12. Bb5 Bd7 13. Nxa7 Kxd8 14. Rfb1 Rxa7 15. Rxb2 Bxb5 16. Rxb5 Kc7 17. Kf1 Rha8 18. Rb2 Ra3 19. Ke2 R8a5 20. Rab1 b5 21. Rxb5 Rxb5 22.
Rxb5 Rxa2 23. Kd3 Kc6 24. Rb3 Ra5 25. Rc3+ Rc5 26. Ra3 Rd5+ 27. Ke2 h5 28. Ra7 Rf5 29. h4 g6 30. g3 Kd5 31. Ra5+ Kc4 32. Ra6 d5 33.
Ra3 Re5+ 34. Kd2 Re4 35. Rf3 f5 36. Ra3 Kd4 37. Ra4+ Ke5 38. Ra8 f4 39. Rg8 fxg3 40.
fxg3 Rg4 41. Rf8 Rxg3 42. Rf2 Rg4 43. Re2+ Kf5 44. Rf2+ Rf4 45. Rh2 e5 46. Kd3 Rf3+ 47.
Ke2 Rg3 48. Kd2 Kg4 49. Re2 e4 50. c4 Kxh4 51. Rxe4+ 0-1

[Event "*** Titled Tuesday Blitz"]
[Site "Chess.com"]
[Date "2021.02.16"]
[Round "1"]
[White "Fiona"]
[Black "Nastya_Rakhmangulova"]
[Result "1-0"]
[WhiteElo "2135"]
[BlackElo "2488"]
[TimeControl "180+1"]
[EndTime "10:07:35 PST"]
[Termination "Fiona won on time"]

1. e4 e6 2. Nf3 d5 3. e5 c5 4. b4 b6 5. c3 Nd7 6. bxc5 bxc5 7. d4 Qa5 8. Bd2 c4 9. Be2 Be7 10. O-O f6 11. exf6 Ngxf6 12. Ng5 Nb6 13. Bh5+ g6 14. Bg4 Nxg4 15. Qxg4 O-O 16. Qh3 Bxg5 17. Bxg5 e5 18. Qh4 e4 19. Bh6 Bf5 20. Qg3 Rf7 21. Nd2 Na4 22. Rfc1 Qc7 23. Qh4 Qe7 24. Qg3 Qc7 25. Qh4 Rb8 26. Nf1 Rb2 27. Ne3 Be6 28. Rf1 Nxc3 29. Ng4 Ne2+ 30. Kh1 Bxg4 31. Qxg4 Nxd4 32. Rab1 Rxb1 33. Rxb1 Nf5 34. Qg5 Nxh6 35. Qxh6 Qc8 36. Qd2 Qd8 37. h3 Rc7 38. Rb5 d4 39. Qa5 d3 40.
Rd5 1-0

[Event "*** Titled Tuesday Blitz"]
[Site "Chess.com"]
[Date "2021.02.16"]
[Round "1"]
[White "ehrenfeld"]
[Black "Mazanchenko_Dmitry"]
[Result "1-0"]
[WhiteElo "2504"]
[BlackElo "2114"]
[TimeControl "180+1"]
[EndTime "10:07:36 PST"]
[Termination "ehrenfeld won on time"]

1. e4 c5 2. Nf3 d6 3. Bc4 Nf6 4. d3 a6 5. a3 Nc6 6. O-O Bg4 7. h3 Bxf3 8. Qxf3 e6 9. Ba2 Be7 10. c3 O-O 11. Qe2 d5 12. e5 Nd7 13. f4 g6 14. Nd2 b5 15. Nf3 c4 16. d4 Qb6 17.
Be3 Rae8 18. g4 f5 19. Bb1 Kh8 20. Kh1 a5 21. Rg1 Rg8 22. Bf2 b4 23. Bh4 Bxh4 24.
Nxh4 bxc3 25. bxc3 a4 26. Bc2 Qb2 27. Rac1 Qxc3 28. gxf5 Qxh3+ 29. Qh2 Qxh2+ 30. Kxh2 gxf5 31. Bxa4 Rxg1 32. Rxg1 Rc8 33. Nf3 Ncb8 34. Ng5 h6 35. Nxe6 Nb6 36. Bc2 c3 37. Bxf5 c2 38. Rc1 Rc3 39.
Rxc2 Rxc2+ 40. Bxc2 Nc6 41. f5 Nc4 42. f6 Kg8 43. Bg6 1-0

[Event "*** Titled Tuesday Blitz"]
[Site "Chess.com"]
[Date "2021.02.16"]
[Round "1"]
[White "adriangschnitzer"]
[Black "ObligatePawnivore"]
[Result "1-0"]
[WhiteElo "2475"]
[BlackElo "1740"]
[TimeControl "180+1"]
[EndTime "10:07:36 PST"]
[Termination "adriangschnitzer won on time"]

1. e4 e6 2. d4 d5 3. Nd2 Be7 4. Bd3 c5 5. dxc5 Nf6 6. e5 Nfd7 7. Ngf3 Nxc5 8. O-O Nc6 9. Nb3 Nxd3 10. Qxd3 O-O 11.
Re1 f6 12. c3 fxe5 13. Nxe5 Bd6 14. f4 Qf6 15. Nxc6 bxc6 16. g3 e5 17. Rf1 Kh8 18. Be3 e4 19. Qd4 Bh3 20. Qxf6 gxf6 21. Rfd1 Rfb8 22.
Rd2 a5 23. Bc5 Bc7 24. Kf2 Rb5 25. Bd4 Rab8 26. Bxf6+ Kg8 27. g4 h5 28. gxh5 Bxf4 29. Rg1+ Kf7 30. Bg5 Bxd2 31. Bxd2 a4 32. Nd4 Rxb2 33.
Ke3 Rxa2 34. h6 Rh8 35. Rg7+ Kf6 36. Rc7 Rxd2 37. Rxc6+ Kg5 38. Kxd2 Rxh6 39. Rc5 Kf4 40. Rxd5 e3+ 41. Kd3 Bf1+ 42. Ne2+ 1-0

[Event "*** Titled Tuesday Blitz"]
[Site "Chess.com"]
[Date "2021.02.16"]
[Round "1"]
[White "Smirnov_Pavel"]
[Black "SARGISMV"]
[Result "1-0"]
[WhiteElo "2901"]
[BlackElo "2443"]
[TimeControl "180+1"]
[EndTime "10:07:38 PST"]
[Termination "Smirnov_Pavel won on time"]

1. d4 e6 2. Nf3 Nf6 3. c4 c5 4. g3 cxd4 5. Nxd4 d5 6. Bg2 e5 7.
Nf3 d4 8. O-O Nc6 9. e3 Be7 10.
exd4 exd4 11. Bf4 O-O 12. Ne5 Qb6 13. Re1 Bb4 14. Nd2 Bf5 15. a3 Bxd2 16. Qxd2 a5 17. Nxc6 bxc6 18. Bd6 c5 19. Bxf8 Rxf8 20. Re5 Bg6 21.
Rae1 h5 22. h3 a4 23. Bf1 Qb3 24. Bg2 Rc8 25. h4 Qxc4 26. Rc1 Qa2 27. Rexc5 Rxc5 28. Rxc5 d3 29. Rc1 Ng4 30. Qb4 Qe6 31. Qf4 Qe2 32. Bf1 Qe6 33. Qb8+ Kh7 34. Rc8 Be4 35. Rh8+ Kg6 36.
Qf4 f6 37. Rd8 Qc6 38. Bxd3 Bxd3 39. Rxd3 Ne5 40. Re3 Qc2 41. Qe4+ Qxe4 42. Rxe4 Kf5 43. Rxa4 Nd3 44. Ra7 Ne5 45. Rxg7 1-0

[Event "*** Titled Tuesday Blitz"]
[Site "Chess.com"]
[Date "2021.02.16"]
[Round "1"]
[White "noblerone"]
[Black "Fandorine"]
[Result "0-1"]
[WhiteElo "2429"]
[BlackElo "2844"]
[TimeControl "180+1"]
[EndTime "10:07:39 PST"]
[Termination "Fandorine won on time"]

1. d4 Nf6 2. Nf3 g6 3. Bg5 Bg7 4. Nbd2 O-O 5. c3 d6 6. e4 Nc6 7.
Be2 Qe8 8. O-O e5 9. dxe5 Nxe5 10. Re1 Nxf3+ 11. Bxf3 Qb5 12. Bxf6 Bxf6 13. Qb3 Qg5 14.
Nf1 Rb8 15. Ne3 Be6 16. Qa4 a6 17. Nd5 Bd8 18. Qd4 Qe5 19. Rad1 h5 20. h3 c6 21. Nb4 Be7 22. Qxe5 dxe5 23. a3 Kg7 24. Rd2 Rfd8 25. Red1 Rxd2 26. Rxd2 a5 27. Nc2 Bc5 28. Kf1 Kf6 29. Be2 Ke7 30. Bd3 b5 31. Ke2 Ba7 32. f3 a4 33. Nb4 Rc8 34. Bc2 Bc5 35. Bd3 Kf6 36. Bc2 h4 37. Bd3 Ke7 38. Na6 Bd6 39. Nb4 Bd7 40. Bc2 Rh8 41. Bd3 Rh5 42. Kf1 Bc5 43.
Be2 Rh8 44. Nd3 Be3 45. Rd1 f6 46. Nb4 Rc8 47. Rd3 Bc1 0-1